AoeStats
← Hunter331885

Oasis

509485030Analyzed
2v2 RM · 6d ago on Sep 26, 2026· 38m 17s· 4 players
Game mode
Random Map
Map size
Medium (4 player)
Population
200
Speed
Normal
Resources
Standard
Victory
Conquest
Starting age
Dark Age
Ending age
Imperial Age
RankedLock teamsTeams togetherTeam positionsShared explorationLock speedFull tech treeHidden civsTurbo modeCheats
Victory
Defeat
🇪🇨 Vietnamese · Ecuador
642
+18
🇪🇸 Franks · Spain
637
+18
🇺🇸 Teutons · United States
702
-18
🇺🇸 Vietnamese · United States
679
-18
Mardx
11:19 Feudal Age
12:32 Double-Bit Axe
15:25 Forging
19:54 Gold Mining
23:54 Castle Age
23:10 Fletching
25:07 Scale Barding Armor
25:46 Bow Saw
25:41 Crossbowman
29:22 Gold Shaft Mining
30:53 Iron Casting
32:45 Husbandry
37:48 Chain Barding Armor
radeonhd1991
0:38 Loom
12:49 Feudal Age
13:16 Double-Bit Axe
13:14 Horse Collar
18:10 Man-at-Arms
18:36 Arson
25:15 Castle Age
25:18 Crossbowman
25:45 Elite Skirmisher
28:32 Padded Archer Armor
28:23 Fletching
29:41 Bow Saw
33:40 Gold Mining
33:41 Stone Mining
34:32 Heavy Plow
35:47 Bodkin Arrow
Hunter331885
13:21 Feudal Age
21:53 Arson
22:08 Man-at-Arms
Flan66X
7:50 Loom
9:50 Feudal Age
16:25 Castle Age
15:31 Double-Bit Axe
15:29 Horse Collar
18:02 Bow Saw
17:20 Crossbowman
17:53 Fletching
18:04 Padded Archer Armor
24:57 Bodkin Arrow
26:11 Thumb Ring
26:09 Gold Mining
27:24 Leather Archer Armor
29:26 Wheelbarrow
37:37 Hand Cart
Connection lost

Rejoining the realm…

Still unreachable

The connection could not be restored.

Session expired

The server has moved on; the page needs a fresh start.